[Event "EU-ch 12th"]
[Site "Aix les Bains"]
[Date "2011.04.01"]
[Round "10"]
[White "Beliavsky, Alexander G"]
[Black "Inarkiev, Ernesto"]
[Result "1/2-1/2"]
[ECO "E91"]
[WhiteElo "2619"]
[BlackElo "2674"]
[Annotator "Marchand,A/Primel,D"]
[PlyCount "51"]
[EventDate "2011.03.22"]
[EventType "swiss"]
[EventRounds "11"]
[EventCountry "FRA"]
[SourceTitle "CBM 142 Extra"]
[Source "ChessBase"]
[SourceDate "2011.06.27"]
[SourceVersion "1"]
[SourceVersionDate "2011.06.27"]
[SourceQuality "1"]
[TimeControl "40/5400+30:1800+30"]

1. d4 Nf6 2. c4 g6 3. Nc3 Bg7 4. e4 d6 5. Nf3 O-O 6. Be2 c5 7. O-O {90} Re8 {
92 Une ligne secondaire souvent jouée par ANDERSSON dans les années 70} (7...
cxd4 $142 {Retombe sur une Maroczy}) (7... Nc6 $142 8. d5 Na5 9. h3 e5) 8. Be3
{92 Le choix des Noirs a surpris les Blancs qui ont réfléchi 20 mns sur ce coup
} (8. d5 e6 9. Nd2 (9. h3) 9... Na6) (8. dxc5 $143 dxc5 9. Be3 (9. Qxd8 Rxd8 10. Be3 b6 11. Rad1 Rxd1 12. Rxd1 Nc6
$11 ) 9... Nfd7 10. Qc2 Nc6 11. Rfd1 $14 {Ogaard,L (2420)
-Andersson,U (2565) Clare Benedict Cup 1977 (3.2) 1/2}) (8. Re1 cxd4 9. Nxd4 a6
10. Be3 b6 11. f3 (11. Nb3 $5 $14 {Une amélioration proposée par KHALIFMAN 
(opening for white 1a) pour garder l'avantage d'espace en évitant les échanges.
}) 11... Bb7 12. Qd2 Nbd7 {Furman,S (2535)-Andersson,U (2565) FRG-ch int 4th
1977 (8) 1/2}) 8... Ng4 {86} 9. Bg5 h6 10. Bh4 {72} (10. Bc1 $5 {Perd un temps
mais le Ng4 va lui aussi en perdre un et Bc1 était peut-être une meilleure
option car dans les deux parties jouées en 2011 avec Bh4, les Noirs ont eu un
bon jeu.} cxd4 11. Nxd4 Qb6 (11... Nf6 12. Be3 $14 {Retombe sur
une variante Maroczy dans des bonnes conditions pour les Blancs car la re8 est
assez mal placée et le coup h6 pas trés utile}) 12. Ndb5 Nf6 13.
Be3 $14) 10... cxd4 {82} 11. Nxd4 Ne5 (11... Bxd4 12. Qxd4 e5 $1 13. Bxd8 exd4
14. Nb5 Rxd8 15. Nc7 Nf6 16. Nxa8 Ne8 17. b4 Be6 18. Rad1 d3
$1 {1/2-1/2 Vallejo Pons,F (2705)-Banikas,H (2620)/Porto Carras 2011}) 12. f4 {
66} Nec6 {79} 13. Nb3 $1 {[%csl Rb8,Re8] 66 Avec un avantage d'espace et un
meilleur développement, il vaut mieux éviter les échanges} Nd7 {76} (13... Bxc3
$5 {Un peu risqué car les Noirs ont un retard de développement} 14. bxc3 Nd7 (14... Na6 15. f5 ) 15. Qd2 Nf6
16. Bd3 Kg7 17. Rad1 Qc7 $13 (17... a5 ))
14. Kh1 {60} b6 {72} 15. Qd2 (15. Rc1 Nc5 $132) 15... Bb7 16. Rad1 {55} Nc5 $1
$11 {67 Les Noirs ont joué rapidement l'ouverture et ils n'ont pas eu trop de
problèmes pour égaliser.} 17. Qe3 {51} (17. Nxc5 $6 bxc5 (17... dxc5 ) 18. Nd5 Nd4 ) 17... Nb4 {59} 18. Nd4 {41} (18. f5 $5 g5 (18... Qc8 19.
fxg6 fxg6 20. Nd5 Bxd5 (20... Bxb2 $2 21. Qxh6) 21. exd5 $16 ) (
18... Nc2 19. Qc1 Nb4 20. fxg6 fxg6 21. Nd5 Nxa2 22. Qc2) 19. Bg3 Nc6 20. h4 $1
{C'est la différence avec la partie car en n'ayant pas joué Nb3d4, les Blancs
ont un temps de plus pour attaquer а l'aile-roi}) 18... Qc8 {43} 19. f5 $5 {
Les pièces Noires défendent assez mal l'aile-roi et il est logique d'y attaquer
} (19. e5 $14 {[%csl Rg7] Peut-être un plus précis} a6 20. Bf3
$14) 19... g5 20. Bg3 {33} (20. Bf2 Nc6 $11) 20... Nc6 {[%csl Rd4] 37} 21. Ndb5
{18} a6 {21} 22. f6 $1 Bh8 23. Rf5 $3 {L'ancien TOP GMI a
encore des beaux restes!} (23. fxe7 $5 axb5 24. Bh5 Ne5 25. Bxe5
Bxe5 26. Bxf7+ Kg7 27. Rxd6 Rxe7 (27... Bxd6 28. Qd4+) 28. Rg6+ Kh7 29. Rxg5 $1
hxg5 30. Qxg5 Re6 31. Qf5+ Kg7 32. Rf3 Rf6 $11) 23... axb5 24. Rxg5+ $1 {
10 Joli mais les Blancs n'ont que la nulle} hxg5 25. Qxg5+ Kf8 26. Qh6+ 1/2-1/2